[Event "Late-Titled-Tuesday-Blitz-September-19-2023"]
[Site "Chess.com"]
[Date "2023.09.19"]
[Round "5"]
[White "OYAcosta"]
[Black "Mike24147"]
[Result "0-1"]
[WhiteElo "2170"]
[BlackElo "2364"]
[TimeControl "180+1"]
[EndTime "14:55:41 PDT"]
[Termination "Mike24147 won by checkmate"]

1. d4 d5 2. Nf3 Nf6 3. Bf4 c5 4. e3 Nc6 5. Nbd2 Nh5 6. Bg5 h6 7. Bh4 g5 8. Bg3 Nxg3 9. hxg3 cxd4 10. exd4 Bg7 11. c3 Bg4 12. Qb3 Qd7 13. a4 a6 14.
a5 O-O 15. Bd3 Rac8 16. O-O e6 17. Rfe1 Rfe8 18. Qa4 Qc7 19. Nb3 Bxf3 20. gxf3 e5 21. Bf5 Rcd8 22. dxe5 Nxe5 23. Kg2 Nc6 24. Rad1 Qd6 25.
Rxe8+ Rxe8 26. Be4 Re5 27. Bc2 Qe6 28. Nc5 Qe7 29. Nd3 Re2 30. Bb1 d4 31. Nc1 Rxb2 32. cxd4 Rxb1 33. d5 Ne5 34. d6 Qd7 35. Qe4 Rb5 36.
Ne2 Nc6 37. f4 gxf4 38. Nxf4 Re5 39. Qd3 Nxa5 40. Nd5 Qxd6 41. Qf3 Rxd5 42. Rxd5 Qc6 43. Rd8+ Kh7 44. Qxc6 Nxc6 45. Rc8 Ne7 46. Rc7 Nd5 47. Rxb7 a5 48. Rxf7 a4 49. Ra7 Nc3 50. Rc7 Kg6 51. Rc6+ Kf5 52. Rc4 a3 53. Kf3 a2 54. Rc5+ Ke6 55.
Ra5 Kd6 56. Ke3 a1=Q 57. Rxa1 Nd5+ 58. Ke4 Bxa1 59. f4 Ke6 60. g4 Nf6+ 61. Kf3 Kf7 62. Kg3 Kg6 63. Kh4 Bc3 64. f5+ Kg7 65. g5 Be1+ 66.
Kh3 hxg5 67. Kg2 Bd2 68. Kg3 Bf4+ 69. Kh3 Kf7 70. Kg2 Ke7 71. Kf3 Kd6 72. Kg2 Kd5 73.
Kf3 Ke5 74. Kg2 Kxf5 75. Kf2 Kg4 76. Kg2 Kh4 77. Kf2 g4 78. Kg1 g3 79. Kh1 Kg4 80. Kg2 Nd5 81. Kg1 Kf3 82. Kf1 g2+ 83. Kg1 Be3+ 84.
Kh2 g1=Q+ 85. Kh3 Qh1# 0-1

[Event "Late-Titled-Tuesday-Blitz-September-19-2023"]
[Site "Chess.com"]
[Date "2023.09.19"]
[Round "5"]
[White "IvanRadivojevic"]
[Black "Siemba"]
[Result "1-0"]
[WhiteElo "2517"]
[BlackElo "2592"]
[TimeControl "180+1"]
[EndTime "14:55:48 PDT"]
[Termination "IvanRadivojevic won by checkmate"]

1. e4 e5 2. Nf3 Nc6 3. Bc4 Nf6 4. d3 Bc5 5. c3 O-O 6. O-O a6 7. b4 Ba7 8. a4 d6 9. Bb3 Ne7 10. Be3 Ng6 11. Bxa7 Rxa7 12. d4 Nxe4 13. Re1 Bf5 14.
Bc2 d5 15. dxe5 Bg4 16. Bxe4 dxe4 17. Qxd8 Rxd8 18. Ng5 e3 19. Na3 exf2+ 20. Kxf2 Rd2+ 21. Kg3 Bh5 22. Nc4 Rd3+ 23. Re3 Rxe3+ 24. Nxe3 Nxe5 25. Nd5 f6 26. Nh3 b6 27. Nhf4 Bf7 28. Rd1 Bxd5 29.
Rxd5 Kf7 30. Rd8 c6 31. Rb8 b5 32. a5 Rd7 33. Rb6 g5 34. Ne2 Rd3+ 35. Kf2 Ng4+ 36. Ke1 Ne3 37. Rxa6 Nxg2+ 38. Kf2 Nh4 39. Rxc6 Rf3+ 40.
Ke1 Ng2+ 41. Kd2 Rf2 42. Kd3 Rf3+ 43. Kd2 Rf1 44. Nd4 Ra1 45. Nxb5 h5 46. Nd6+ Kg6 47.
Nc4 g4 48. a6 h4 49. Na5 g3 50. hxg3 h3 51. a7 h2 52. a8=Q Ra2+ 53. Kd3 Ne1+ 54. Kc4 h1=Q 55. Qg8+ Kf5 56. Rc5+ Ke4 57. Qd5+ Ke3 58. Qd4+ Ke2 59. Rf5 Nf3 60. Qe4+ Kf2 61. Kb5 Qf1+ 62. Nc4 Re2 63. Rxf3+ Ke1 64. Rxf1+ Kxf1 65. Qf3+ Rf2 66. Qd1+ Kg2 67. g4 Rf4 68. Qd5+ Kg3 69.
Nd6 Rxg4 70. Nf5+ Kf4 71. Nd4 Rg5 72. Kc6 Rg6 73. Qd6+ Kg5 74. b5 Rg7 75. Ne6+ Kg6 76. Nxg7 Kxg7 77. Qh2 f5 78. Qf2 Kf6 79. b6 Ke5 80. b7 f4 81. b8=Q+ Ke4 82. Qbxf4+ Kd3 83. Q2d2# 1-0

[Event "Late-Titled-Tuesday-Blitz-September-19-2023"]
[Site "Chess.com"]
[Date "2023.09.19"]
[Round "5"]
[White "Veleamater"]
[Black "Deeper44"]
[Result "0-1"]
[WhiteElo "2327"]
[BlackElo "2524"]
[TimeControl "180+1"]
[EndTime "14:55:50 PDT"]
[Termination "Deeper44 won on time"]

1. g3 g6 2. Bg2 Bg7 3. d3 e5 4.
Nc3 Ne7 5. e4 Nbc6 6. f4 exf4 7.
gxf4 d6 8. Nf3 Bg4 9. O-O O-O 10. Be3 f5 11. Qd2 fxe4 12. dxe4 Bxf3 13. Rxf3 Qe8 14. Raf1 Rd8 15. Rg3 d5 16. Nxd5 Nxd5 17. exd5 Ne7 18. Bc5 Nf5 19. Rb3 b6 20. Bf2 c6 21. c4 Qe7 22.
Re1 Qf6 23. Rd3 Qxb2 24. Qd1 cxd5 25. cxd5 Qxa2 26. d6 Kh8 27. d7 Qc4 28. Bd5 Qxf4 29. Bc6 Be5 30. Rf3 Qxh2+ 31. Kf1 Qh1+ 32. Ke2 Qh5 33.
Qd5 Ng7 34. Qxe5 Qxe5+ 35. Kf1 Qc3 36. Rxf8+ Rxf8 37. Re8 Qc4+ 38. Kg1 Rxe8 39. dxe8=Q+ Nxe8 40. Bxe8 Qc1+ 41. Kg2 Qg5+ 42. Kf1 Kg7 43. Ba4 Qc1+ 44. Kg2 Qc4 45. Bd1 h5 46. Bf3 Qf7 47. Bd4+ Kh7 48. Be3 Qf5 49. Kg3 Qg5+ 50. Bxg5 Kg7 51. Kf4 Kf7 52. Bd8 Ke8 53. Bc7 Kd7 54. Bb8 a5 55. Kg5 a4 56. Kxg6 h4 57. Kg5 h3 58. Kf4 a3 59. Be5 a2 60. Ke3 h2 61. Kd3 Ke6 62. Ba1 b5 63. Kc3 Kf5 64. Kb4 Kf4 65. Bd5 Kg3 0-1

[Event "Late-Titled-Tuesday-Blitz-September-19-2023"]
[Site "Chess.com"]
[Date "2023.09.19"]
[Round "5"]
[White "Guzman70"]
[Black "Sjakkerntobi"]
[Result "1/2-1/2"]
[WhiteElo "2304"]
[BlackElo "2513"]
[TimeControl "180+1"]
[EndTime "14:55:51 PDT"]
[Termination "Game drawn by 50-move rule"]

1. Nf3 d5 2. d4 Nf6 3. Bf4 e6 4. e3 Bd6 5. Bg3 O-O 6. c4 dxc4 7. Bxc4 a6 8. Nc3 b5 9. Bb3 Bb7 10. a3 Nbd7 11. Rc1 Qe7 12. Bc2 Rfd8 13. b4 e5 14.
O-O exd4 15. Nxd4 Bxg3 16. hxg3 c5 17. bxc5 Nxc5 18. Qe2 Rac8 19. Rfd1 Qe5 20. Na2 h6 21.
Nb4 a5 22. Nd3 Nxd3 23. Qxd3 b4 24. axb4 axb4 25. Bb3 Qh5 26. Qf5 Qxf5 27. Nxf5 Rxd1+ 28. Rxd1 Rc3 29. Bxf7+ Kxf7 30. Nd6+ Ke6 31. Nxb7 b3 32.
Rd6+ Ke5 33. Rb6 Rc1+ 34. Kh2 Ng4+ 35. Kh3 h5 36. Kh4 Nxf2 37. Rxb3 Ne4 38. Kxh5 Nxg3+ 39. Kg6 Ne4 40. Kxg7 Rg1 41. Rb5+ Ke6 42. Rb6+ Kd7 43. Rb4 Rxg2+ 44. Kh6 Nf6 45. Nc5+ Ke7 46. Rb7+ Kd6 47. Rb6+ Ke5 48. Re6+ Kf5 49. e4+ Nxe4 50. Rxe4 Rc2 51. Re1 Rxc5 52. Rf1+ Ke4 53. Kg6 Rc6+ 54. Kg5 Ke3 55. Rf6 Rc8 56. Kf5 Kd4 57. Re6 Kd5 58. Rf6 Rc1 59. Kg6 Ke5 60. Rf5+ Ke6 61. Rf2 Rg1+ 62.
Kh5 Ke5 63. Kh4 Ke4 64. Kh3 Ke3 65. Rf8 Rg7 66. Kh4 Ke4 67. Kh5 Rg1 68. Kh4 Rh1+ 69. Kg3 Ke5 70. Kg2 Rh7 71. Re8+ Kf6 72. Rd8 Ke7 73. Rd3 Ke6 74. Re3+ Kf5 75. Rf3+ Ke4 76. Rh3 Ra7 77. Rh4+ Kf5 78. Rh5+ Kg4 79. Rb5 Ra2+ 80.
Kf1 Ra3 81. Ke1 Kf3 82. Kd1 Ke3 83. Kc1 Kd3 84. Kb1 Kc3 85. Rc5+ Kb4 86. Rc2 Rg3 87. Rc8 Rg1+ 88. Kc2 Rg2+ 89. Kd1 Kb5 90. Ke1 Kb6 91. Kf1 Rg5 92. Ke2 Re5+ 93. Kd3 Rd5+ 94. Kc4 Rh5 95. Kd3 Kb7 96. Rc4 Kb6 97. Ke2 Kb5 98. Rf4 Rc5 99.
Kd3 Kc6 100. Rf6+ Kd7 101. Rf7+ Ke6 1/2-1/2

[Event "Late-Titled-Tuesday-Blitz-September-19-2023"]
[Site "Chess.com"]
[Date "2023.09.19"]
[Round "5"]
[White "ameetghasi100"]
[Black "reevecanada"]
[Result "1/2-1/2"]
[WhiteElo "2693"]
[BlackElo "2523"]
[TimeControl "180+1"]
[EndTime "14:55:54 PDT"]
[Termination "Game drawn by repetition"]

1. c4 c6 2. e3 d5 3. Nf3 Nf6 4. b3 e6 5. Bb2 Bd6 6. g3 O-O 7. Bg2 Nbd7 8. O-O e5 9. d3 a6 10.
Nc3 b6 11. cxd5 cxd5 12. Nh4 Bb7 13. Nf5 Bc7 14. g4 g6 15. Nh6+ Kg7 16. g5 Ng8 17. Nxg8 Qxg5 18. f4 Qd8 19. Nh6 Kxh6 20. Nxd5 Kg7 21.
Rc1 Bd6 22. fxe5 Bxe5 23. d4 Bd6 24. Nf4 Qg5 25. Qd2 Rfe8 26. Rce1 Nf6 27. d5 Be5 28.
Bxe5 Rxe5 29. e4 Rae8 30. Qd4 Kg8 31. Nd3 Rxe4 32. Qxf6 Qxf6 33. Rxf6 Rxe1+ 34. Nxe1 Rxe1+ 35. Kf2 Ra1 36. a4 Ra2+ 37. Kg3 Rxg2+ 38. Kxg2 Bxd5+ 39. Kg3 Bxb3 40. Rxb6 Bxa4 41. Rxa6 Bb3 42. Kf4 Kg7 43. Ke5 Be6 44. Rb6 g5 45. Rb8 h6 46. Ke4 Bg4 47. Ke5 f6+ 48. Ke4 f5+ 49. Ke5 f4 50. Rb6 Be2 51.
Rf6 f3 52. Rf5 Kg6 53. Rf6+ Kh5 54. Ke4 g4 55. Ke3 Kg5 56. Rf8 h5 57. Rg8+ Kh4 58. Kf2 Kh3 59. Rh8 h4 60. Rh6 Bd3 61. Rh8 Bf5 62.
Rh6 Be4 63. Rh8 Bc2 64. Rh6 Bd3 65. Rh5 Be2 66. Rh8 Bc4 67. Rh6 Bf7 68. Rh8 Bg6 69.
Rh6 Bb1 70. Rh8 Bc2 71. Rh6 Ba4 72. Rh8 Bd1 73. Rh6 Be2 74. Rh8 Bb5 75. Rh6 Bd7 76. Rh5 Be6 77. Rh8 Bf7 78. Rh7 Bg6 79. Rh6 Bf5 80. Rh8 Bg6 81. Rh6 1/2-1/2

[Event "Late-Titled-Tuesday-Blitz-September-19-2023"]
[Site "Chess.com"]
[Date "2023.09.19"]
[Round "5"]
[White "Pawnpusherschessaccademy"]
[Black "mishanick"]
[Result "0-1"]
[WhiteElo "2361"]
[BlackElo "3097"]
[TimeControl "180+1"]
[EndTime "14:56:01 PDT"]
[Termination "mishanick won by checkmate"]

1. e4 c5 2. Nf3 Nc6 3. Bb5 e6 4.
O-O Nge7 5. Re1 a6 6. Bf1 d5 7. d3 g6 8. Nbd2 Bg7 9. c3 Qc7 10.
a4 O-O 11. exd5 Nxd5 12. h4 h6 13. Nb3 b6 14. a5 Nxa5 15. Nxa5 bxa5 16. Qa4 Bb7 17.
Qxa5 Qd6 18. Nd2 Rac8 19. Nc4 Qe7 20. g3 Rfd8 21. Bg2 Nf6 22. Bxb7 Qxb7 23. Qxa6 Qf3 24. Ne5 Qf5 25. Ra4 Nd5 26. Nc6 Re8 27. c4 Nb4 28. Qxc8 Rxc8 29. Ne7+ Kf8 30. Nxf5 gxf5 31. Rd1 Nc2 32. Ra7 h5 33. Bf4 Bd4 34. Rd2 Nb4 35. Be3 Nc6 36. Rb7 Ne5 37. Kg2 Rd8 38. b4 Bxe3 39.
fxe3 Nxc4 40. Re2 Rxd3 41. bxc5 Nxe3+ 42. Kf3 Nd5+ 43. Kg2 Rc3 44. Ra2 Ne3+ 45. Kh3 Nf1 46. Kg2 Ne3+ 47. Kh3 Kg7 48. Raa7 Kf6 49. Rxf7+ Ke5 50.
Kh2 Rc2+ 51. Kg1 Rxc5 52. Rac7 Ra5 53. Rc1 Ke4 54. Rg7 Ra2 55. Rg6 e5 56. Rg8 Kf3 57.
Rb1 Rg2+ 58. Kh1 Re2 59. Kg1 Rg2+ 60. Kh1 Rc2 61. Kg1 e4 62. Rg5 Rg2+ 63. Kh1 Rxg3 64. Rxh5 f4 65. Rg5 Rh3+ 66. Kg1 Rxh4 67. Rb3 Rh8 68. Rg2 Rd8 69. Rf2+ Kg4 70. Rb1 Rg8 71. Re1 Kf5+ 72. Kh1 Ng4 73. Rg2 f3 74. Rg3 Kf4 75. Rh3 Nf2+ 76. Kh2 Rg2# 0-1

[Event "Late-Titled-Tuesday-Blitz-September-19-2023"]
[Site "Chess.com"]
[Date "2023.09.19"]
[Round "5"]
[White "cassoulet"]
[Black "Orest_Vovk"]
[Result "1-0"]
[WhiteElo "2764"]
[BlackElo "2552"]
[TimeControl "180+1"]
[EndTime "14:56:06 PDT"]
[Termination "cassoulet won by checkmate"]

1. d4 g6 2. e4 Nf6 3. e5 Nh5 4. Be2 d6 5. Bxh5 gxh5 6. Qxh5 dxe5 7. dxe5 Qd5 8. Nf3 Qe4+ 9. Be3 Qxc2 10. O-O Rg8 11. Ng5 Qf5 12. Rd1 Nc6 13. Nc3 Bd7 14. e6 Bxe6 15. Nb5 Rc8 16. Nxe6 Qxe6 17. Qxh7 Qg4 18.
g3 a6 19. Nd4 Nxd4 20. Rxd4 Qg6 21. Qh3 e6 22. Qg2 Rb8 23. Rc1 Bd6 24. Qf3 Ke7 25.
Rxd6 cxd6 26. Rc7+ Kf8 27. Bh6+ Ke8 28. Bg5 d5 29. h4 Qb1+ 30. Kh2 Qf5 31. Qe3 Rxg5 32. hxg5 Kf8 33. Rc1 Kg7 34. Kg2 b5 35. Qd4+ Kg8 36. Rh1 Qe4+ 37. Qxe4 dxe4 38. Re1 Rc8 39. Rxe4 Rc2 40.
Rb4 Rc5 41. f4 Rc2+ 42. Kh3 Kg7 43. Kg4 Kg6 44. a3 Rd2 45. Kf3 Rc2 46. Rb3 Rh2 47. Kg4 Rf2 48. Rb4 Rc2 49. a4 bxa4 50. Rxa4 Rxb2 51. Rxa6 Rb4 52. Ra8 Kg7 53. Ra1 Rc4 54.
Rh1 Rb4 55. Re1 Rc4 56. Re3 Rb4 57. Kh5 Rc4 58. Rf3 Rb4 59. g4 Rb1 60. Kh4 Rh1+ 61.
Kg3 Rg1+ 62. Kh3 Rh1+ 63. Kg2 Rb1 64. f5 Rb5 65. Kg3 Ra5 66. Kh4 Ra1 67. Kg3 Rg1+ 68.
Kf4 Re1 69. Re3 Rf1+ 70. Ke5 Ra1 71. Kf4 exf5 72. gxf5 Ra4+ 73. Re4 Ra1 74. Ke5 Ra5+ 75. Kf4 Ra1 76. Re3 Ra4+ 77. Ke5 f6+ 78. gxf6+ Kf7 79. Rc3 Ra5+ 80. Kf4 Kxf6 81. Rc6+ Kg7 82.
Kg5 Ra1 83. Rc7+ Kg8 84. Kg6 Ra2 85. Rc8# 1-0

[Event "Late-Titled-Tuesday-Blitz-September-19-2023"]
[Site "Chess.com"]
[Date "2023.09.19"]
[Round "5"]
[White "wild3000"]
[Black "bazar-wokzal"]
[Result "0-1"]
[WhiteElo "2469"]
[BlackElo "2653"]
[TimeControl "180+1"]
[EndTime "14:56:11 PDT"]
[Termination "bazar-wokzal won on time"]

1. e4 Nc6 2. Nf3 d5 3. e5 Bg4 4.
Bb5 e6 5. d4 a6 6. Be2 f6 7. exf6 Nxf6 8. O-O Bd6 9. h3 Bh5 10. Bg5 O-O 11. Nbd2 Qe8 12. c4 Ne4 13.
Be3 Nxd2 14. Nxd2 Bxe2 15. Qxe2 Qg6 16. Qg4 Qxg4 17. hxg4 dxc4 18. Nxc4 Rad8 19. Rac1 Bf4 20. Rfd1 Rd5 21. g3 Bxe3 22. fxe3 Rfd8 23. Rf1 R8d7 24. Kg2 e5 25. dxe5 Nxe5 26. Nxe5 Rxe5 27. Kf3 h6 28. Rfd1 Rf7+ 29. Ke2 Ra5 30. a3 Rb5 31. b4 a5 32.
Rd4 axb4 33. axb4 Kh7 34. Rcc4 c6 35. Rf4 Re7 36. Rfe4 Rxe4 37. Rxe4 Kg6 38. Kf3 Kf6 39. Rd4 Ke6 40. Re4+ Re5 41. Rd4 Rd5 42. Rf4 Rd1 43. Re4+ Kd6 44. Ke2 Rg1 45. Rd4+ Ke6 46. Kf2 Rc1 47.
Re4+ Kf6 48. Rf4+ Kg6 49. Kf3 b5 50. Rd4 Kf6 51. Ke4 Ke6 52. Kf3 Rc3 53. Ke2 Rc2+ 54. Kf3 Rb2 55. Re4+ Kd6 56. Rd4+ Kc7 57. Rf4 Kd6 58. Rf7 Rxb4 59. Rxg7 Rb1 60. Rg6+ Kc5 61. Rxh6 b4 62. Ke2 b3 63. Kd3 Rc1 64. Rh2 Kb4 65. g5 c5 66. g6 c4+ 67. Ke4 Rg1 68. Kf3 Rf1+ 69. Rf2 Rxf2+ 70. Kxf2 b2 71. g7 b1=Q 72. g8=Q Qf5+ 73. Kg2 c3 74. Qb8+ Kc4 75. Qc7+ Kd3 76. Qd6+ Ke2 0-1

[Event "Late-Titled-Tuesday-Blitz-September-19-2023"]
[Site "Chess.com"]
[Date "2023.09.19"]
[Round "5"]
[White "Journey_to_GrandMaster_YT"]
[Black "Defend1r"]
[Result "0-1"]
[WhiteElo "2654"]
[BlackElo "2512"]
[TimeControl "180+1"]
[EndTime "14:56:22 PDT"]
[Termination "Defend1r won by resignation"]

1. d4 Nf6 2. Nf3 e6 3. c4 d5 4. Nc3 Be7 5. Bg5 Nbd7 6. e3 O-O 7. Qc2 h6 8. Bh4 a6 9. cxd5 exd5 10. Bd3 c6 11. O-O Re8 12. Rab1 Ne4 13. Bxe7 Qxe7 14. Bxe4 dxe4 15. Nd2 Nf6 16. b4 Bf5 17. Nc4 Rad8 18. Ne5 Nd7 19. Nxd7 Bxd7 20. Ne2 Qh4 21. Ng3 Be6 22. a4 Bd5 23. b5 axb5 24. axb5 Qg5 25. bxc6 bxc6 26. Qe2 Rd6 27. Qh5 Qd8 28. Ne2 Rg6 29. Nf4 Rg5 30. Qh3 Qd6 31. Rb7 f5 32. Rfb1 Kh7 33. g3 Ra8 34. Qf1 Ra2 35. R1b2 Qa3 36.
Rxa2 Qxa2 37. Rd7 Qb3 38. h4 Rg4 39. Nh5 Kh8 40. Qa6 Qd1+ 41. Kh2 Bg8 42. Nf4 Qf3 43.
Qe2 Rxf4 44. Qxf3 Rxf3 45. Kg2 Bd5 46. h5 f4 47. gxf4 Kh7 48. Rc7 Kg8 49. Ra7 Bf7 50.
Rc7 Bd5 51. Ra7 Kh7 52. Rc7 Kh8 53. Ra7 Kg8 54. Rc7 Kf8 55. Ra7 Bf7 56. Rc7 Bxh5 57.
Rxc6 Bg4 58. Rc7 Rh3 59. d5 Rh5 60. Kg3 Bf3 61. Rd7 g5 62. f5 g4 63. f6 Rf5 64.
Rd6 h5 65. Kh4 Kf7 66. Ra6 Rxd5 67. Ra7+ Kxf6 68. Ra6+ Ke7 69. Ra7+ Ke6 70. Ra6+ Rd6 71. Ra5 Rd2 72. Kg3 h4+ 73. Kxh4 Rxf2 74. Kg3 Re2 75. Kf4 Kd6 76. Rg5 Kc6 77. Rg6+ Kc5 78. Rg8 Kc4 79. Rd8 Kc3 80. Rd7 Rd2 81. Rc7+ Kd3 82. Ra7 Ke2 83. Ra3 Kf2 84. Rb3 g3 85.
Rb1 g2 86. Ra1 g1=Q 87. Rxg1 Kxg1 88. Kg3 Rg2+ 89. Kf4 Kf2 0-1

[Event "Late-Titled-Tuesday-Blitz-September-19-2023"]
[Site "Chess.com"]
[Date "2023.09.19"]
[Round "5"]
[White "andrzej"]
[Black "Maksimus1998"]
[Result "1-0"]
[WhiteElo "2477"]
[BlackElo "2576"]
[TimeControl "180+1"]
[EndTime "14:57:02 PDT"]
[Termination "andrzej won by resignation"]

1. e4 c5 2. Nf3 a6 3. c4 Nc6 4. d4 cxd4 5. Nxd4 e6 6. Be2 Qc7 7. O-O b6 8. Nc3 Bb7 9. Be3 Nf6 10. f3 Bd6 11. f4 Nxd4 12. Bxd4 Nxe4 13. Nxe4 Bxe4 14.
Bf3 Bxf3 15. Qxf3 O-O 16. Rac1 Bc5 17. Bxc5 Qxc5+ 18. Kh1 b5 19. cxb5 Qxb5 20. b3 a5 21. f5 exf5 22. Qxf5 Qxf5 23. Rxf5 a4 24. Rd5 axb3 25.
axb3 Ra7 26. Rcd1 Rd8 27. b4 Kf8 28. b5 Rb7 29. g4 Ke7 30. Re1+ Kf8 31. Red1 g6 32.
Kg2 h6 33. Kg3 Re8 34. Rxd7 Rxb5 35. Rd8 h5 36. Rxe8+ Kxe8 37. Re1+ Kf8 38. h3 Kg7 39.
Re3 Kh6 40. Ra3 Kg5 41. h4+ Kf6 42. Rf3+ Ke6 43. g5 Re5 44. Rf6+ Ke7 45. Rf3 Re4 46.
Rf2 Rg4+ 47. Kh3 Ke6 48. Rf6+ Ke7 49. Rf3 Ra4 50. Kg3 Ra5 51. Rf4 Ra3+ 52. Kg2 Ra6 53. Kg3 Ra5 54. Rf3 Rf5 55. Re3+ Kd6 56. Re8 Kd5 57.
Re1 Kd4 58. Re8 Re5 59. Rf8 Re7 60. Ra8 Rc7 61. Ra4+ Kd5 62. Rf4 Ke5 63. Rf2 Ke6 64.
Rf3 Rc5 65. Re3+ Re5 66. Rf3 Rf5 67. Re3+ Kd5 68. Re1 Kd4 69. Re2 Kd3 70. Re7 Kd4 71. Re1 Re5 72. Rf1 Re7 73. Rf6 Kd5 74. Rf1 Ke5 75. Re1+ Kd6 76. Rd1+ Ke6 77. Re1+ Kd7 78. Rd1+ Ke8 79. Rf1 Re6 80. Rf4 Ke7 81. Rf3 f5 82. gxf6+ Rxf6 83. Ra3 Rc6 84. Rf3 Ke6 85. Rf1 Rc3+ 86.
Kg2 Rc4 87. Kg3 Rg4+ 88. Kh3 Ke5 89. Rf8 Rf4 90. Re8+ Kf5 91. Re1 Rf3+ 92. Kg2 Kg4 93. Rh1 Ra3 94. Kf2 Ra2+ 95. Ke3 Rg2 96. Ke4 Re2+ 97.
Kd3 Re6 98. Kd4 Kg3 99. Kd5 Kg2 100. Kxe6 Kxh1 101. Kf6 Kg2 102. Kxg6 Kg3 103. Kxh5 Kf4 104. Kg6 1-0

[Event "Late-Titled-Tuesday-Blitz-September-19-2023"]
[Site "Chess.com"]
[Date "2023.09.19"]
[Round "6"]
[White "dzilleruelo"]
[Black "OYAcosta"]
[Result "0-1"]
[WhiteElo "2316"]
[BlackElo "2181"]
[TimeControl "180+1"]
[EndTime "14:58:55 PDT"]
[Termination "OYAcosta won by resignation"]

1. e4 c6 2. d4 d5 3. exd5 cxd5 4. Bd3 Nc6 5. c3 Nf6 6. h3 Qc7 7. Nf3 e5 8. dxe5 Nxe5 9. O-O Bd6 10. Nxe5 Bxe5 11.
f4 Bd6 12. Re1+ Be7 13. Bb5+ Bd7 14. Qe2 Qc5+ 15. Be3 Qxb5 16. Qxb5 Bxb5 17. Bc5 Ne4 18. Nd2 Bxc5+ 0-1

[Event "Late-Titled-Tuesday-Blitz-September-19-2023"]
[Site "Chess.com"]
[Date "2023.09.19"]
[Round "6"]
[White "jup1978"]
[Black "Qvalda"]
[Result "0-1"]
[WhiteElo "2441"]
[BlackElo "2343"]
[TimeControl "180+1"]
[EndTime "14:59:04 PDT"]
[Termination "Qvalda won by resignation"]

1. e4 e6 2. d4 d5 3. Nd2 Be7 4.
g3 dxe4 5. Nxe4 Nf6 6. Nxf6+ Bxf6 7. Bg2 Qxd4 8. Qf3 O-O 9. Ne2 Qb6 10. O-O Nc6 11. c3 Ne5 12. Qe4 Rb8 13. Rb1 Bd7 14.
Be3 Qa6 15. a3 Qxe2 0-1

[Event "Late-Titled-Tuesday-Blitz-September-19-2023"]
[Site "Chess.com"]
[Date "2023.09.19"]
[Round "6"]
[White "Hirna2005"]
[Black "ValeriyGrinev"]
[Result "0-1"]
[WhiteElo "2366"]
[BlackElo "2559"]
[TimeControl "180+1"]
[EndTime "14:59:42 PDT"]
[Termination "ValeriyGrinev won by checkmate"]

1. e4 c5 2. c3 d5 3. exd5 Qxd5 4. Nf3 Nc6 5. d4 Bf5 6. Na3 cxd4 7. Be2 d3 8. Be3 O-O-O 9. Bf1 e5 10. Qa4 a6 11.
Bb6 Bxa3 12. Qxa3 d2+ 13. Kd1 Bc2+ 14. Kxc2 d1=Q+ 15. Rxd1 Qxd1# 0-1

[Event "Late-Titled-Tuesday-Blitz-September-19-2023"]
[Site "Chess.com"]
[Date "2023.09.19"]
[Round "6"]
[White "Alphafischer2019"]
[Black "slorovel"]
[Result "1-0"]
[WhiteElo "2625"]
[BlackElo "2508"]
[TimeControl "180+1"]
[EndTime "14:59:55 PDT"]
[Termination "Alphafischer2019 won by resignation"]

1. d4 Nf6 2. Nc3 d5 3. Bf4 c5 4.
e3 e6 5. dxc5 Bxc5 6. Bd3 O-O 7.
Nf3 Nc6 8. O-O a6 9. e4 d4 10. e5 dxc3 11. exf6 Qxf6 12. Bg5 cxb2 13. Bxf6 bxa1=R 14. Bxa1 f6 15. Qe2 e5 16. Qe4 Be6 17. Qxh7+ Kf7 18. Bg6+ Ke7 19. Qxg7+ Kd6 20. Rd1+ Nd4 21. Nxd4 exd4 22. Bxd4 Rfd8 23. Bxf6+ Kc6 1-0

[Event "Late-Titled-Tuesday-Blitz-September-19-2023"]
[Site "Chess.com"]
[Date "2023.09.19"]
[Round "6"]
[White "rdarruda"]
[Black "Veleamater"]
[Result "1-0"]
[WhiteElo "2496"]
[BlackElo "2323"]
[TimeControl "180+1"]
[EndTime "15:00:01 PDT"]
[Termination "rdarruda won by resignation"]

1. d4 d6 2. e4 g6 3. Nc3 Bg7 4. Nf3 Nf6 5. Bg5 O-O 6. Qd2 Nc6 7. d5 Ne5 8. Nxe5 dxe5 9. O-O-O Ne8 10. Bh6 a6 11. h4 f5 12. h5 f4 13. Bxg7 Nxg7 14. hxg6 hxg6 15. f3 Ne8 16. Qf2 e6 17. dxe6 Qg5 18.
Bc4 Kg7 19. Qc5 Qxg2 20. Qe7+ 1-0

[Event "Late-Titled-Tuesday-Blitz-September-19-2023"]
[Site "Chess.com"]
[Date "2023.09.19"]
[Round "6"]
[White "AyMitecK"]
[Black "Mikasinski"]
[Result "1-0"]
[WhiteElo "2528"]
[BlackElo "2610"]
[TimeControl "180+1"]
[EndTime "15:00:32 PDT"]
[Termination "AyMitecK won by resignation"]

1. e4 c5 2. Nf3 d6 3. Bb5+ Bd7 4. Bxd7+ Qxd7 5. O-O Nc6 6. Re1 Nf6 7. c3 e6 8. d4 cxd4 9. cxd4 d5 10. e5 Ne4 11.
Nc3 Nxc3 12. bxc3 Be7 13. Re3 Na5 14. Ne1 Nc4 15. Rg3 g6 16. Bh6 Rc8 17. Qg4 b5 18.
Rf3 Bf8 19. Bg5 h6 20. Bf6 h5 21. Qf4 Bh6 22. Bg5 Bxg5 23. Qxg5 Qe7 24. Qf4 g5 25.
Qc1 g4 26. Rg3 Kd7 27. Nd3 Kc7 28. a4 Rcg8 29. axb5 Kb8 30. Nc5 h4 31. Rd3 g3 32.
fxg3 hxg3 33. Rxg3 Rxg3 34. hxg3 Rg8 35. Qh6 Nxe5 36. Qf4 f6 37. Na6+ Kb7 38. dxe5 f5 39. Qe3 Rg4 40. Nb4 d4 41. Qf3+ Kc8 42. Qa8+ 1-0

[Event "Late-Titled-Tuesday-Blitz-September-19-2023"]
[Site "Chess.com"]
[Date "2023.09.19"]
[Round "6"]
[White "SlipperySpeedster"]
[Black "temus_galaktionov"]
[Result "0-1"]
[WhiteElo "2643"]
[BlackElo "2838"]
[TimeControl "180+1"]
[EndTime "15:00:44 PDT"]
[Termination "temus_galaktionov won by resignation"]

1. d4 c6 2. Nf3 d6 3. Bf4 g6 4. Nc3 Bg7 5. e4 Nd7 6. h4 e5 7. dxe5 dxe5 8. Bg5 Ngf6 9. h5 Qa5 10. h6 Bf8 11. Qd2 Bb4 12. Bd3 O-O 13. O-O-O Ng4 14.
Kb1 Nc5 15. Ne1 Bxc3 16. bxc3 Na4 17. Be7 Nxc3+ 18. Kb2 Nxd1+ 19. Qxd1 Re8 20. Bg5 Be6 21. a3 f6 22. Bc4 Bxc4 23. Qxg4 fxg5 24. Qd7 Bf7 25.
Qd6 Qd8 0-1

[Event "Late-Titled-Tuesday-Blitz-September-19-2023"]
[Site "Chess.com"]
[Date "2023.09.19"]
[Round "6"]
[White "Rutricks"]
[Black "Arteler"]
[Result "0-1"]
[WhiteElo "2693"]
[BlackElo "2558"]
[TimeControl "180+1"]
[EndTime "15:00:45 PDT"]
[Termination "Arteler won by resignation"]

1. b3 e5 2. Bb2 Nc6 3. e3 Nf6 4. Bb5 Bd6 5. Na3 Na5 6. Be2 c6 7. c4 O-O 8. Nf3 Qe7 9. Qc1 Bc7 10. Qc3 Re8 11. b4 Ne4 12. Qb3 Nxb3 0-1

[Event "Late-Titled-Tuesday-Blitz-September-19-2023"]
[Site "Chess.com"]
[Date "2023.09.19"]
[Round "6"]
[White "IlanSchnaider"]
[Black "Chessdreamer2020"]
[Result "1-0"]
[WhiteElo "2763"]
[BlackElo "2539"]
[TimeControl "180+1"]
[EndTime "15:01:03 PDT"]
[Termination "IlanSchnaider won by resignation"]

1. e4 d6 2. d4 Nf6 3. Nc3 c6 4. f4 d5 5. e5 Ng8 6. Bd3 h5 7. f5 e6 8. fxe6 Bxe6 9. Nf3 Be7 10. Ne2 g5 11. h4 gxh4 12. Nf4 Bg4 13. Be3 Nh6 14. e6 fxe6 15. Ng6 Rg8 16. Bxh6 h3 17. gxh3 Bf5 18. Bxf5 exf5 19. Nxe7 Qxe7+ 20. Qe2 Qxe2+ 21. Kxe2 Rg2+ 22. Kd3 Nd7 23. Rhg1 Rxg1 24. Rxg1 Kf7 25. Rg7+ Ke6 26. Ng5+ Kd6 27. Nf7+ Kc7 28. Ne5 1-0

[Event "Late-Titled-Tuesday-Blitz-September-19-2023"]
[Site "Chess.com"]
[Date "2023.09.19"]
[Round "6"]
[White "Chessbard1972"]
[Black "MathiasWomacka"]
[Result "0-1"]
[WhiteElo "2365"]
[BlackElo "2552"]
[TimeControl "180+1"]
[EndTime "15:01:04 PDT"]
[Termination "MathiasWomacka won by resignation"]

1. d4 Nf6 2. c4 e6 3. Nf3 Bb4+ 4. Nbd2 O-O 5. a3 Be7 6. e4 d5 7. e5 Nfd7 8. Qc2 c5 9. cxd5 exd5 10. h4 Nc6 11.
Bd3 h6 12. b3 cxd4 13. b4 Ndxe5 14. Ng5 Bxg5 15. hxg5 Qxg5 16. Bb2 Nxd3+ 17. Qxd3 Re8+ 18.
Kf1 Bf5 19. Qb3 Qxd2 20. Rd1 Bc2 21. Rxd2 Bxb3 22. Bxd4 Bc4+ 23. Kg1 Re1+ 24. Kh2 Rxh1+ 25. Kxh1 Nxd4 26. Rxd4 Re8 0-1

[Event "Late-Titled-Tuesday-Blitz-September-19-2023"]
[Site "Chess.com"]
[Date "2023.09.19"]
[Round "6"]
[White "AsaHoffmann"]
[Black "arminmusovic"]
[Result "1-0"]
[WhiteElo "2379"]
[BlackElo "2508"]
[TimeControl "180+1"]
[EndTime "15:01:14 PDT"]
[Termination "AsaHoffmann won by resignation"]

1. d4 d5 2. Bg5 c5 3. dxc5 f6 4. Bh4 Nc6 5. e4 e6 6. exd5 exd5 7. Nc3 d4 8. Ne4 Bxc5 9. Qh5+ g6 10. Qxc5 g5 11.
Nd6+ Kd7 12. Bg3 Qe7+ 13. Ne2 h5 14. h4 g4 15. O-O-O Qe6 16. Nxd4 Qxa2 17. Bb5 Ne7 18. Rhe1 Qa1+ 19. Kd2 Qxb2 20. Rb1 Qa2 21. Rxe7+ Kxe7 22. Nxc8+ Kf7 23. Bc4+ Qxc4 24. Qxc4+ Kg6 25. Nxc6 bxc6 26. Ne7+ Kg7 27. Nf5+ Kg6 28. Ne3 Rhd8+ 29. Ke2 Re8 1-0